 Dungeon Crawl Stone Soup version 0.31-a0-1225-g50297eb6a4 (webtiles) character file.

Game seed: 9412552463194414137

1765846 Solx the Crack Shot (level 25, 219/219 HPs)
             Began as a Demonspawn Gladiator on Dec 14, 2023.
             Was an Initiate of Gozag.
             Escaped with the Orb
             ... and 3 runes!
             The game lasted 04:46:25 (59976 turns).

Solx the Crack Shot (Demonspawn Gladiator)         Turns: 59976, Time: 04:46:26

Health: 219/219    AC: 23    Str: 27    XL:     25   Next: 55%
Magic:  32/32      EV: 25    Int: 16    God:    Gozag
Gold:   2741       SH:  0    Dex: 21    Spells: 30/36 levels left

rFire   + . .        K - +11 longbow "Zexori" {flame, rElec}
rCold   + + +        (shield currently unavailable)
rNeg    . . .        n - +0 ring mail of the Taurataur {Will+ Regen+ Slay+3}
rPois   +            (helmet unavailable)
rElec   +            F - +1 cloak of Cowardice {rPois Str+3}
rCorr   .            l - +2 pair of gloves {Str+3}
SInv    +            G - +0 pair of boots "Hobb" {rF- rC++ Regen+ Str+3}
Will    +++..        W - amulet of regeneration
Stlth   +            x - ring "Guubru" {rPois rF++ AC+4 Stlth+}
HPRegen 2.96/turn    B - ring of Pantheism {rC+ Will+ Int+5}
MPRegen 0.23/turn

%: no passive effects
@: studying Ice Magic, bribing [the Dungeon]
A: antennae 3, thin metallic scales 3, ignite blood 3, spiny 2, corrupting
presence 2
0: Orb of Zot
}: 3/15 runes: decaying, serpentine, silver
a: Renounce Religion, Potion Petition, Call Merchant, Bribe Branch


You escaped.
You worshipped Gozag.
Gozag was most pleased with you.
You visited 10 branches of the dungeon, and saw 48 of its levels.
You visited the Abyss 1 time.
You also visited: Bailey, Gauntlet, Ice Cave and Desolation.

You collected 31189 gold pieces.
You spent 4482 gold pieces at shops.
You paid 23966 gold pieces to Gozag.

Inventory:

Hand Weapons
 K - the +11 longbow "Zexori" (weapon) {flame, rElec}
   (You acquired it on level 2 of the Dungeon)

   rElec:     It insulates you from electricity.
Missiles
 d - 6 throwing nets
Armour
 l - a +2 pair of gloves of strength (worn)
 n - the +0 ring mail of the Taurataur (worn) {Will+ Regen+ Slay+3}
   (You bought it in a shop on level 4 of the Snake Pit)

   Slay+3:    It affects your accuracy & damage with ranged weapons and melee
   (+3).
   Will+:     It increases your willpower.
   Regen+:    It increases your rate of health regeneration.
 s - the +3 steam dragon scales of the Apothecary {rC+}
   (You found it in the Desolation of Salt)

   rC+:       It protects you from cold.
 F - the +1 cloak of Cowardice (worn) {rPois Str+3}
   (You bought it in a shop on level 2 of the Orcish Mines)

   Str+3:     It affects your strength (+3).
   rPois:     It protects you from poison
 G - the +0 pair of boots "Hobb" (worn) {rF- rC++ Regen+ Str+3}
   (You found it on level 5 of the Vaults)

   Str+3:     It affects your strength (+3).
   rF-:       It makes you vulnerable to fire.
   rC++:      It greatly protects you from cold.
   Regen+:    It increases your rate of health regeneration.
 O - the +1 pair of boots "Dewkor" {Fly}
   (You found it on level 2 of the Lair of Beasts)

   Fly:       It grants you flight.
Jewellery
 e - the ring of Harmony {rF- Will+ Dex+7}
   (You took it off a deep elf sorcerer on level 3 of the Elven Halls)

   [ring of willpower]

   Dex+7:     It affects your dexterity (+7).
   rF-:       It makes you vulnerable to fire.
   Will+:     It increases your willpower.
 i - the ring of Doicurro {rF+ Int+2 Dex+6}
   (You found it in the Desolation of Salt)

   [ring of dexterity]

   Int+2:     It affects your intelligence (+2).
   Dex+6:     It affects your dexterity (+6).
   rF+:       It protects you from fire.
 x - the ring "Guubru" (left hand) {rPois rF++ AC+4 Stlth+}
   (You bought it in a shop on level 1 of the Depths)

   [ring of protection]

   AC+4:      It affects your AC (+4).
   rF++:      It greatly protects you from fire.
   rPois:     It protects you from poison Stlth+: It makes you more stealthy.
 B - the ring of Pantheism (right hand) {rC+ Will+ Int+5}
   (You found it in the Desolation of Salt)

   [ring of protection from cold]

   Int+5:     It affects your intelligence (+5).
   rC+:       It protects you from cold.
   Will+:     It increases your willpower.
 V - the amulet of Dyrchoket {Spirit rF+ Int+2}
   (You took it off a deep elf annihilator on level 3 of the Elven Halls)

   [amulet of guardian spirit]

   Spirit:    It causes incoming damage to be divided between your reserves of
   health and magic.
   Int+2:     It affects your intelligence (+2).
   rF+:       It protects you from fire.
 W - an amulet of regeneration (around neck)
 Z - an amulet of the acrobat
Wands
 b - a wand of polymorph (28)
 m - a wand of paralysis (24)
 u - a wand of digging (18)
 w - a wand of mindburst (11)
 y - a wand of light (38)
 D - a wand of iceblast (32)
Scrolls
 a - 3 scrolls of fog
 c - 6 scrolls of fear
 p - 8 scrolls of enchant armour
 t - 8 scrolls of teleportation
 E - 11 scrolls of enchant weapon
 H - 3 scrolls of immolation
 I - 5 scrolls of blinking
 L - 3 scrolls of revelation
 N - a scroll of butterflies
 T - a scroll of amnesia
 Y - 5 scrolls of silence
Potions
 f - 9 potions of lignification
 g - 22 potions of curing
 h - 9 potions of heal wounds
 j - 2 potions of magic
 o - 5 potions of might
 r - 4 potions of resistance
 z - a potion of attraction
 A - 9 potions of enlightenment
 C - 9 potions of ambrosia
 J - a potion of berserk rage
 P - 4 potions of haste
 Q - 5 potions of cancellation
 S - 14 potions of mutation
 U - 5 potions of invisibility
 X - a potion of brilliance
Miscellaneous
 k - a condenser vane
 q - a phantom mirror
 v - a phial of floods
 M - a box of beasts
 R - a lightning rod (4/4)


   Skills:
 + Level 22.9 Fighting
 - Level 0.8(4.0) Axes
 - Level 6.4 Polearms
 - Level 25.0 Ranged Weapons
 - Level 1.7 Throwing
 - Level 12.3 Armour
 * Level 18.2 Dodging
 - Level 0.4 Shields
 - Level 6.0 Spellcasting
 - Level 10.0 Hexes
 - Level 9.2 Translocations
 - Level 18.0 Evocations


You had 30 spell levels left.
You knew the following spells:

 Your Spells              Type           Power      Damage    Failure   Level
a - Dimensional Bullseye  Hex/Tloc       17%        N/A       3%          4
b - Blink                 Tloc           68%        N/A       1%          2

Your spell library contained the following spells:

 Spells                   Type           Power      Damage    Failure   Level
 Apportation              Tloc           68%        N/A       1%          1
 Jinxbite                 Hex            72%        N/A       1%          2
 Lesser Beckoning         Tloc           68%        N/A       1%          2
 Gell's Gravitas          Tloc           34%        N/A       1%          3
 Teleport Other           Tloc           34%        N/A       1%          3
 Tukima's Dance           Hex            36%        N/A       1%          3
 Ensorcelled Hibernation  Hex/Ice        40%        N/A       3%          2
 Momentum Strike          Conj/Tloc      38%        3d9       4%          2
 Passage of Golubria      Tloc           34%        N/A       4%          4
 Summon Guardian Golem    Hex/Summ       20%        N/A       7%          3
 Freeze                   Ice            16%        1d4       19%         1
 Magic Dart               Conj           16%        1d3       19%         1
 Necrotise                Necr           16%        1d4       19%         1
 Summon Small Mammal      Summ           16%        N/A       19%         1
 Anguish                  Hex/Necr       10%        N/A       22%         4
 Fulminant Prism          Conj/Hex       10%        3d8       22%         4
 Passwall                 Tmut/Erth      3%         N/A       26%         2
 Poisonous Vapours        Pois/Air       8%         N/A       26%         2
 Scorch                   Fire           8%         2d5       26%         2
 Searing Ray              Conj           8%         2d4       26%         2
 Static Discharge         Conj/Air       8%         3-4/arc   26%         2
 Sublimation of Blood     Necr           4%         N/A       26%         2
 Iskenderun's Mystic Bla  Conj/Tloc      19%        2d6       26%         4
 Frozen Ramparts          Ice            8%         1d2       47%         3
 Hailstorm                Conj/Ice       4%         3d5       47%         3
 Ignite Poison            Fire/Tmut/Pois 4%         N/A       47%         3
 Mephitic Cloud           Conj/Pois/Air  4%         N/A       47%         3
 Ozocubu's Armour         Ice            4%         N/A       47%         3
 Swiftness                Air            4%         N/A       47%         3
 Metabolic Englaciation   Hex/Ice        10%        N/A       54%         5
 Silence                  Hex/Air        10%        N/A       54%         5
 Summon Mana Viper        Hex/Summ       20%        N/A       54%         5
 Yara's Violent Unravell  Hex/Tmut       10%        3d6       54%         5
 Summon Forest            Summ/Tloc      9%         N/A       58%         5
 Airstrike                Air            2%         2d(1-17)  87%         4
 Animate Armour           Summ/Erth      8%         N/A       87%         4
 Flame Wave               Conj/Fire      4%         2d5       87%         4
 Olgreb's Toxic Radiance  Pois           4%         N/A       87%         4
 Petrify                  Tmut/Erth      4%         N/A       87%         4
 Sticky Flame             Conj/Fire      4%         2d3       87%         4
 Summon Lightning Spire   Summ/Air       4%         N/A       87%         4
 Alistair's Intoxication  Tmut/Pois      2%         N/A       99%         5
 Borgnjor's Vile Clutch   Necr/Erth      2%         N/A       99%         5
 Freezing Cloud           Conj/Ice/Air   2%         6-21      99%         5
 Irradiate                Conj/Tmut      2%         3d12      99%         5
 Lee's Rapid Deconstruct  Erth           2%         3d4*      99%         5
 Death Channel            Necr           2%         N/A       100%        6
 Eringya's Noxious Bog    Tmut/Pois      2%         4d6       100%        6
 Summon Cactus Giant      Summ           2%         N/A       100%        6
 Orb of Destruction       Conj           2%         9d5       100%        7
 Spellforged Servitor     Conj/Summ      2%         N/A       100%        7
 Discord                  Hex            18%        N/A       100%        8
 Ignition                 Fire           2%         3d3       100%        8
 Lehudib's Crystal Spear  Conj/Erth      2%         10d2      100%        8
 Animate Dead             Necr           Unusable   N/A       N/A         4
 Simulacrum               Ice/Necr       Unusable   N/A       N/A         6

Dungeon Overview and Level Annotations

Branches:
Dungeon (15/15)            Temple (1/1) D:6            Lair (5/5) D:11
  Swamp (4/4) Lair:3        Snake (4/4) Lair:2        Slime (0/5) Lair:5
    Orc (2/2) D:11            Elf (3/3) Orc:2        Vaults (5/5) D:14
 Depths (4/4) D:15            Zot (5/5) Depths:4     Bailey (visited)
  IceCv (visited)         Desolation (visited)      Gauntlet (visited)
  Crypt: Vaults:2-3

Altars:
Ashenzari
Cheibriados
Dithmenos
Fedhas
Gozag
Hepliaklqana
Kikubaaqudgha
Makhleb
Nemelex Xobeh
Okawaru
Qazlal
Ru
Sif Muna
Trog
Uskayaw
Vehumet
Wu Jian
Xom
Yredelemnul
Jiyva

Shops:
D:1 :   D:8 ?   D:9 [   Orc:2 :[[((   Elf:2 (   Lair:4 ?   Swamp:3 *?
Snake:1 !   Snake:4 [   Vaults:5 !   Zot:4 [   Depths:1 =::([   Depths:2 :

Portals:
Hell: Depths:1 Depths:2 Depths:3 Depths:4
Abyss: Depths:2 Depths:3
Pandemonium: Depths:1 Depths:2
Ziggurat: Depths:3
Trove: Depths:3 (show abyssal rune of Zot)

Annotations:
D:5 2 transporters, nj0rd12's ghost, novice GnFE
Elf:2 exclusion: 3 doors
Vaults:3 exclusion: door
Depths:1 exclusion: downstairs
Depths:3 4 transporters, exclusions: dread lich and 3 more exclusions, Tulador's ghost, adept HOFi
Depths:4 Parghit
Zot:4 1 exclusion


Innate Abilities, Weirdness & Mutations

You have a pair of large antennae on your head. (SInv)
You are completely covered in thin metallic scales. (AC +4, rElec)
Your demonic aura causes all spilled blood to erupt in flames.
You are mostly covered in sharp spines.
Your presence sometimes corrodes or deforms those you injure.


Message History

A sixfirhy comes into view.
The sixfirhy hits Anuseukh!
The sixfirhy shocks Anuseukh.
Anuseukh resists.
Your reaper hits the sixfirhy with a +3 scythe of freezing!
Your reaper freezes the sixfirhy.
Anuseukh hits the sixfirhy!!
The sixfirhy dies!
There is a stone staircase leading up here.
The Executioner stares, then turns away, jangling a coin purse.
An Executioner comes into view.
You swap places.
There is a stone staircase leading up here.
Unknown command.
Unknown command.
The Executioner closely misses something.
Something blocks the Executioner's attack. x2
You climb upwards.
Your summoned ally is left behind.
Your reaper disappears in a puff of smoke!
Your Brimstone Fiend disappears in a puff of smoke!
There is a stone staircase leading down here.
A sun demon comes into view.
Anuseukh hits the sun demon!! x2
Fire: K) +11 longbow "Zexori" {flame, rElec}
Press: ? - help, Q - select action, (/) - cycle Shift-Dir - straight line You shoot an arrow.
The arrow barely misses the sun demon.
Anuseukh gestures.
Fire: K) +11 longbow "Zexori" {flame, rElec}
Press: ? - help, Q - select action, (/) - cycle Shift-Dir - straight line, f - sun demon
Aim: a sun demon (heavily wounded, ally target, 79% to hit)
You shoot an arrow. The arrow hits the sun demon!!
You kill the sun demon!
Your shadow demon grins greedily, jangling a coin purse.
A shadow demon comes into view.
There is a stone staircase leading up here.
You climb upwards.
Your Hell Sentinel disappears in a puff of smoke!
There is a stone staircase leading down here.
You swap places.
There is an open door here.
There is a staircase leading out of the dungeon here.
You have escaped!

######## #......# ### #......#
######
..###......################....#
......................>...#.##.#
....###########..#####.##.#.##.#
....### ##'# #....#..#.# ......#
#####♣&♣####....#..#.# ...##.#
#..+..@..+......#.##.# ...##.#
#.###~~~###..##....#.# ...##.#
###.###PPP# ##.##.#.∩#.# #.###.#
#....###### #.####..#.# #.# #.#
####.# #.####..#.# #.# #.# #.#
#.##....#.# #.# #.######.#
#.##.##.#.## '.# #........#
#.##.##.#... #.# #######..#
#.##.##.####


You could see the friendly Anuseukh.

Vanquished Creatures
  An ancient lich (Vaults:5)
  A dread lich (Vaults:5)
  Frederick (Vaults:4)
  Mennas (Vaults:4)
  2 juggernauts
  A Killer Klown (Zot:5)
  3 curse toes
  Xtahua (Vaults:3)
  Vashnia (Snake:4)
  2 caustic shrikes (Depths:3)
  7 golden dragons
  An electric golem (Zot:2)
  9 tentacled monstrosities
  2 walking crystal tomes (Depths:2)
  An Ice Fiend (D:11)
  6 titans
  3 liches
  8 Orb Guardians
  2 deep elf blademasters (Elf:3)
  5 quicksilver dragons
  Asterion (Snake:4)
  6 sphinxes
  2 deep elf master archers (Elf:3)
  6 death cobs
  Kirke (Lair:5)
  4 thorn hunters
  5 shadow dragons
  7 tengu reavers
  Donald (Vaults:3)
  15 storm dragons
  5 nagarajas (Snake:4)
  Aizul (Snake:1)
  3 draconian monks (Zot:1)
  A protean progenitor (Zot:3)
  17 deep elf sorcerers
  A fenstrider witch (Swamp:2)
  12 frost giants
  3 draconian knights (Zot:1)
  7 fire giants
  2 iron dragons (Vaults:5)
  13 vault wardens
  4 deep elf elementalists
  4 imperial myrmidons (Desolation)
  3 draconian shifters
  2 angels (Elf:1)
  5 draconian scorchers
  5 draconian stormcallers
  2 reapers (IceCv)
  5 draconian annihilators
  11 stone giants
  15 ironbound preservers
  2 formless jellyfish
  7 war gargoyles
  4 ironbound thunderhulks
  4 green draconians
  2 eleionomae (Swamp:3)
  18 very ugly things
  2 grey draconians (Depths:4)
  9 black draconians
  Nessos (D:14)
  4 vampire knights
  A lorocyproca (Depths:1)
  4 red draconians
  3 purple draconians (Zot:1)
  10 deep elf annihilators
  4 deep elf demonologists
  Azrael (D:14)
  8 dire elephants
  4 white draconians
  6 spark wasps
  4 bunyips
  A minotaur (Gauntlet)
  7 ettins
  2 yellow draconians (Depths:4)
  A blizzard demon (D:12)
  Snorg (Lair:5)
  An eidolon (Abyss:1)
  2 crystal guardians (Desolation)
  3 deep elf death magi (Elf:3)
  An entropy weaver (Vaults:3)
  10 fire dragons
  16 yaktaur captains
  2 shambling mangroves
  5 great orbs of eyes
  15 ragged hierophants (Desolation)
  4 servants of whispers (Desolation)
  5 rakshasas
  A spriggan zombie (Abyss:1)
  5 deep elf high priests
  30 vault guards
  17 hydras
  4 ice dragons
  A hell beast (D:11)
  7 peacekeepers
  3 ogre magi (Vaults:5)
  8 ironbound frosthearts
  18 anacondas
  2 catoblepae
  4 boulder beetles
  19 centaur warriors
  6 spriggan air magi
  2 ghost crabs
  2 alligators (Swamp:4)
  3 salamander tyrants
  11 deep troll shamans
  A sphinx skeleton (Depths:3)
  3 two-headed ogres
  19 dancing weapons
  15 naga warriors
  9 tengu warriors
  13 deep troll earth magi
  4 spriggan berserkers
  6 death yaks
  14 naga sharpshooters
  2 occultists
  4 vampire magi
  A soul eater (Depths:1)
  16 hell knights
  4 shock serpents
  A thrashing horror (Abyss:1)
  8 deep elf knights
  3 skysharks
  A wretched star (Abyss:1)
  A spectral death yak (Gauntlet)
  Sonja (D:11)
  2 sixfirhies
  3 sun demons
  4 iron trolls
  2 shadow wraiths
  A skyshark (shapeshifter) (Depths:4)
  Amaemon (Lair:1)
  2 sea snakes (Snake:3)
  3 goliath frogs
  A shadow demon (Depths:1)
  55 deep trolls
  2 salamander mystics
  An orb spider (shapeshifter) (Vaults:5)
  A deep troll (shapeshifter) (Vaults:5)
  14 swamp dragons
  2 large abominations
  7 spriggan druids
  A storm dragon skeleton (Depths:3)
  5 glowing orange brains
  8 naga ritualists
  4 flayed ghosts
  An orange crystal statue (IceCv)
  An obsidian statue (IceCv)
  5 phantasmal warriors
  3 bog bodies
  5 arcanists
  18 lindwurms
  5 orc knights
  8 necromancers
  A glowing orange brain (shapeshifter) (Vaults:5)
  15 ironbound convokers
  5 spriggan simulacra
  2 tengu zombies (Depths:1)
  7 deep elf archers
  20 deep elf zephyrmancers
  31 ugly things
  9 mana vipers
  A stone giant zombie (Depths:1)
  A harpy (Vaults:3)
  A manticore (D:14)
  A wolf spider (shapeshifter) (Depths:2)
  20 deep elf pyromancers
  9 orc sorcerers
  5 cyclopes
  A cyclops (shapeshifter) (Vaults:5)
  A fire giant skeleton (Depths:3)
  22 moths of wrath
  14 salamanders
  A moth of wrath (shapeshifter) (Vaults:5)
  9 will-o-the-wisps
  An apocalypse crab (Gauntlet)
  40 elephants
  13 vault sentinels
  An ice statue (Swamp:2)
  2 centaur zombies (D:10)
  2 kobold blastminers
  Joseph (D:8)
  2 gargoyles
  11 guardian serpents
  5 torpor snails (Lair:5)
  13 cane toads
  7 naga magi
  31 black mambas
  A molten gargoyle (Desolation)
  Maggie (Lair:1)
  2 orange demons
  A cane toad (shapeshifter) (Elf:3)
  An unseen horror (shapeshifter) (Elf:3)
  A centaur skeleton (D:10)
  An unseen horror (D:11)
  A smoke demon (Depths:1)
  6 rime drakes
  10 komodo dragons
  A hellion (Depths:1)
  An anaconda simulacrum (IceCv)
  9 freezing wraiths
  A kobold demonologist (D:6)
  2 efreet
  32 yaktaurs
  An ancient zyme (Abyss:1)
  5 tengu conjurers
  3 meliai (Lair:4)
  5 trolls
  A merfolk (shapeshifter) (Vaults:5)
  A red devil (D:12)
  A meliai (shapeshifter) (Vaults:5)
  A queen bee (Lair:4)
  72 saltlings (Desolation)
  3 hellwings (D:10)
  2 polar bears
  3 bloated husks
  10 tyrant leeches
  27 hornets
  Prince Ribbit (Lair:1)
  30 blink frogs
  A fire giant simulacrum (Depths:3)
  30 slime creatures
  3 shadows (D:11)
  2 vampires
  3 wraiths
  A ynoxinul (Abyss:1)
  21 spriggans
  5 wyverns
  3 air elementals
  46 yaks
  12 water elementals
  A hog (Lair:5)
  10 basilisks
  2 fire bats (Depths:3)
  5 fire elementals
  11 vampire mosquitoes
  A redback (Vaults:3)
  Grum (D:11)
  6 minotaur simulacra (IceCv)
  30 nagas
  2 steam dragons
  7 wargs
  22 swamp worms
  5 acid dragons
  3 harpy simulacra (IceCv)
  13 water moccasins
  3 hell hounds (D:14)
  A sky beast (D:7)
  31 orc warriors
  7 swamp drakes
  An ice beast (D:7)
  An ice beast (shapeshifter) (D:14)
  7 ogres
  10 wolves
  13 centaurs
  5 kobold brigands
  9 bullfrogs
  3 deep troll simulacra (IceCv)
  2 gnoll sergeants (D:6)
  4 earth elementals
  4 scorpions
  3 small abominations (Abyss:1)
  19 wights
  3 troll zombies (D:11)
  27 killer bees
  11 howler monkeys
  3 lindwurm simulacra (IceCv)
  7 electric eels
  6 jellies
  10 hounds
  9 orc priests
  4 gnoll boudas
  A sleepcap (D:7)
  6 starcursed masses (Abyss:1)
  Terence (D:3)
  A boggart zombie (D:10)
  8 iguanas
  37 orc wizards
  3 ogre zombies (D:11)
  20 gnolls
  10 adders
  A shadow imp (D:7)
  2 white imps
  2 ufetubi (D:5)
  3 worms
  101 orcs
  8 endoplasms
  A giant cockroach (D:2)
  2 gnoll zombies (D:11)
  16 goblins
  11 hobgoblins
  6 jackals
  17 kobolds
  3 quokkas
  6 ball pythons (D:1)
  7 bats
  2 frilled lizards (D:2)
  3 gnoll skeletons (D:11)
  An orc skeleton (D:11)
  13 orc zombies (D:11)
  6 rats
  A spectral orc (D:9)
  A lurking horror (Abyss:1)
2126 creatures vanquished.

Vanquished Creatures (collateral kills)
  3 golden dragons
  4 tentacled monstrosities
  9 Orb Guardians (Zot:5)
  5 death cobs
  A shadow dragon (Zot:2)
  A tengu reaver (Vaults:5)
  3 draconian knights
  4 storm dragons
  2 draconian monks (Zot:3)
  2 draconian scorchers
  2 draconian stormcallers
  A cacodemon (Zot:4)
  A draconian annihilator (Zot:3)
  3 purple draconians
  A white draconian (Zot:2)
  2 green draconians
  2 yellow draconians (Zot:2)
  3 black draconians (Zot:3)
  4 red draconians
  A vault guard (Vaults:5)
  A hell beast (Zot:5)
  A sun demon (D:3)
  2 sixfirhies
  12 moths of wrath
  A smoke demon (D:3)
  2 aspiring fleshes (Zot:3)
73 creatures vanquished.

Vanquished Creatures (others)
  An ancient lich (Zot:5)
  An orb of fire (Zot:5)
  3 Killer Klowns (Zot:5)
  2 electric golems (Zot:5)
  A tentacled monstrosity (Zot:3)
  8 Orb Guardians (Zot:5)
  2 death cobs
  A fire giant (Depths:2)
  A draconian monk (Zot:2)
  A draconian shifter (Zot:2)
  A ghost moth (Zot:5)
  A draconian scorcher (Zot:2)
  A draconian annihilator (Zot:5)
  A vampire knight (Depths:2)
  3 green draconians
  3 red draconians
  3 white draconians
  A yellow draconian (Zot:5)
  5 purple draconians
  A sun demon (D:3)
  An orange crystal statue (Zot:5)
  2 moths of wrath (Zot:5)
  26 foxfires
70 creatures vanquished.

Grand Total: 2269 creatures vanquished

Notes
Turn   | Place    | Note
-------+----------+-------------------------------------------
     0 | D:1      | Solx the Demonspawn Gladiator began the quest for the Orb.
     0 | D:1      | Reached XP level 1. HP: 16/16 MP: 1/1
   144 | D:1      | Found Ucra's Book Emporium.
   235 | D:1      | Gained mutation: You are partially covered in sharp spines.
                  | [demonic ancestry]
   235 | D:1      | Reached XP level 2. HP: 19/22 MP: 2/2
   642 | D:2      | Identified the +4 short sword of Wocsab {flame, rPois rN+
                  | Int+3}
   788 | D:2      | Gained mutation: You are mostly covered in sharp spines.
                  | [demonic ancestry]
   788 | D:2      | Reached XP level 3. HP: 28/28 MP: 3/3
   839 | D:2      | Identified a scroll of acquirement
   840 | D:2      | Acquired the +11 longbow "Zexori" {flame, rElec}
  1148 | D:2      | Identified the +1 ring mail of Fortification {rN+}
  1725 | D:3      | Noticed Terence
  1738 | D:3      | Killed Terence
  1739 | D:3      | Reached XP level 4. HP: 20/34 MP: 4/4
  2377 | D:4      | Reached skill level 1 in Ranged Weapons
  2453 | D:4      | Found an opulent altar of Gozag.
  2482 | D:4      | Gained mutation: You are partially covered in thin metallic
                  | scales. (AC +2) [demonic ancestry]
  2482 | D:4      | Reached XP level 5. HP: 32/41 MP: 5/5
  2554 | D:4      | Became a worshipper of Gozag Ym Sagoz the Greedy
  2731 | D:4      | Reached skill level 5 in Polearms
  2731 | D:4      | Reached skill level 2 in Ranged Weapons
  2883 | D:4      | Gained mutation: You have a pair of small antennae on your
                  | head. [demonic ancestry]
  2883 | D:4      | Reached XP level 6. HP: 43/47 MP: 6/6
  2899 | D:4      | Identified the +8 dagger of Slow Death {chaos, rPois Str+6}
  3469 | D:5      | Entered Level 5 of the Dungeon
  3783 | D:5      | Reached skill level 3 in Ranged Weapons
  3811 | D:5      | Noticed a water moccasin
  3823 | D:5      | Killed a water moccasin
  3824 | D:5      | Gained mutation: You are mostly covered in thin metallic
                  | scales. (AC +3) [demonic ancestry]
  3824 | D:5      | Reached XP level 7. HP: 52/52 MP: 7/7
  3866 | D:5      | Reached skill level 4 in Ranged Weapons
  4161 | D:5      | Found a transporter.
  4396 | D:5      | Noticed nj0rd12's ghost (novice GnFE)
  4397 | D:5      | Found a transporter.
  4399 | D:5      | Identified the +5 great mace of the Onslaught {venom,
                  | rPois}
  4647 | D:5      | Reached skill level 5 in Ranged Weapons
  4755 | D:5      | Reached XP level 8. HP: 57/58 MP: 8/8
  5053 | D:6      | Reached skill level 6 in Ranged Weapons
  5288 | D:6      | Reached skill level 7 in Ranged Weapons
  6030 | D:6      | Found a staircase to the Ecumenical Temple.
  6037 | Temple   | Entered the Ecumenical Temple
  6335 | D:6      | Reached skill level 8 in Ranged Weapons
  6350 | D:6      | Reached XP level 9. HP: 60/63 MP: 9/9
  6493 | D:6      | Noticed a kobold demonologist
  6502 | D:6      | Killed a kobold demonologist
  6503 | D:6      | Reached skill level 9 in Ranged Weapons
  6976 | D:6      | Reached skill level 10 in Ranged Weapons
  8036 | D:7      | Found a blossoming altar of Fedhas.
  8098 | D:7      | Reached XP level 10. HP: 61/72 MP: 10/10
  8964 | D:7      | Reached skill level 11 in Ranged Weapons
  9421 | D:8      | Reached skill level 1 in Armour
  9579 | D:8      | Noticed Joseph
  9586 | D:8      | Killed Joseph
  9715 | D:8      | Reached skill level 5 in Fighting
  9811 | D:8      | Found Ythri Bim's Magic Scroll Boutique.
  9820 | D:8      | Bought a scroll of identify for 20 gold pieces
  9820 | D:8      | Bought a scroll of teleportation for 30 gold pieces
  9820 | D:8      | Bought a scroll of identify for 20 gold pieces
 10152 | D:8      | Found a shimmering altar of Xom.
 10379 | D:9      | Found an ancient bone altar of Kikubaaqudgha.
 10655 | D:9      | Found a basalt altar of Yredelemnul.
 11045 | D:9      | Found a snail-covered altar of Cheibriados.
 11051 | D:9      | Found a stormy altar of Qazlal.
 11110 | D:9      | Reached skill level 12 in Ranged Weapons
 11275 | D:9      | Found Ataliv's Antique Armour Emporium.
 11280 | D:9      | Bought an embroidered scarf for 208 gold pieces
 11388 | D:10     | Entered Level 10 of the Dungeon
 11448 | D:10     | Found a flagged portal.
 11480 | Bailey   | Entered a bailey
 11818 | Bailey   | Gained mutation: You have a pair of antennae on your head.
                  | [demonic ancestry]
 11818 | Bailey   | Reached XP level 11. HP: 81/81 MP: 11/11
 12082 | Bailey   | Identified the +5 executioner's axe of Jynoiluza {spect,
                  | Str+3 Stlth+}
 12275 | D:10     | Noticed a two-headed ogre
 12285 | D:10     | Killed a two-headed ogre
 12468 | D:10     | Reached skill level 13 in Ranged Weapons
 12494 | D:10     | Found the +4 Cigotuvi's embrace {Corpsefed rMiasma ^Drain
                  | rN+}
 13316 | D:11     | Reached skill level 1 in Evocations
 13365 | D:11     | Noticed a deep elf pyromancer
 13369 | D:11     | Killed a deep elf pyromancer
 13646 | D:11     | Noticed Grum
 13654 | D:11     | Killed Grum
 13804 | D:11     | Noticed Sonja
 13831 | D:11     | Killed Sonja
 13832 | D:11     | Reached XP level 12. HP: 93/94 MP: 12/12
 13870 | D:11     | Found a staircase to the Orcish Mines.
 14056 | D:11     | Found a staircase to the Lair.
 14711 | Lair:1   | Entered Level 1 of the Lair of Beasts
 14758 | Lair:1   | Noticed Prince Ribbit
 14761 | Lair:1   | Reached skill level 5 in Dodging
 14761 | Lair:1   | Killed Prince Ribbit
 14800 | Lair:1   | Noticed Amaemon
 14824 | Lair:1   | Found a gate leading to a gauntlet.
 14834 | Lair:1   | Noticed Maggie
 14851 | Lair:1   | Killed Maggie
 14853 | Lair:1   | Reached skill level 14 in Ranged Weapons
 14860 | Gauntlet | Entered a Gauntlet
 14860 | Gauntlet | Noticed a death scarab
 14860 | Gauntlet | Found a transporter.
 14860 | Gauntlet | Found a transporter.
 14860 | Gauntlet | Found a runed translucent gate.
 14860 | Gauntlet | Found a runed translucent gate.
 14959 | Gauntlet | Found a transporter.
 14961 | Gauntlet | Found a transporter.
 14961 | Gauntlet | Found a transporter.
 14964 | Gauntlet | Found a transporter.
 15002 | Gauntlet | Found a transporter.
 15005 | Gauntlet | Found a transporter.
 15005 | Gauntlet | Found a transporter.
 15009 | Gauntlet | Found a runed translucent door.
 15022 | Gauntlet | Found the -2 hat of the Alchemist {rElec rPois rF+ rC+ rN+
                  | Will+ rMut rCorr}
 15023 | Gauntlet | Found a transporter.
 15038 | Gauntlet | Found a transporter.
 15040 | Gauntlet | Found a runed translucent door.
 15045 | Gauntlet | Found a runed translucent door.
 15049 | Gauntlet | Found a transporter.
 15062 | Gauntlet | Found a transporter.
 15084 | Gauntlet | Found a transporter.
 15086 | Gauntlet | Found a runed translucent gate.
 15303 | Gauntlet | Reached skill level 10 in Fighting
 15317 | Gauntlet | Identified the +1 cloak "Pomn" {rElec rCorr Dex+5 Slay-6}
 15365 | Gauntlet | Noticed a minotaur
 15372 | Gauntlet | Killed a minotaur
 15784 | Lair:1   | Killed Amaemon
 16399 | Lair:2   | Reached skill level 5 in Evocations
 16438 | Lair:2   | Identified the +1 pair of boots "Dewkor" {Fly}
 16664 | Lair:2   | Found a staircase to the Snake Pit.
 16791 | Lair:2   | Gained mutation: Your demonic aura sometimes causes spilled
                  | blood to erupt in flames. [demonic ancestry]
 16791 | Lair:2   | Reached XP level 13. HP: 103/103 MP: 13/13
 16807 | Lair:2   | Reached skill level 15 in Ranged Weapons
 17464 | Lair:3   | Found a staircase to the Swamp.
 17591 | Lair:3   | Reached skill level 16 in Ranged Weapons
 18067 | Lair:3   | Reached skill level 17 in Ranged Weapons
 18395 | Lair:3   | Noticed a dire elephant
 18407 | Lair:3   | Killed a dire elephant
 18408 | Lair:3   | Gained mutation: Your presence sometimes corrodes those you
                  | injure. [demonic ancestry]
 18408 | Lair:3   | Reached XP level 14. HP: 110/110 MP: 14/14
 18806 | Lair:4   | Reached skill level 18 in Ranged Weapons
 19058 | Lair:4   | Bought a scroll of identify for 30 gold pieces
 19058 | Lair:4   | Bought a scroll of identify for 30 gold pieces
 19058 | Lair:4   | Bought a scroll of identify for 30 gold pieces
 19066 | Lair:4   | Bought a scroll of blinking for 112 gold pieces
 19144 | Lair:4   | Identified the staff of Squeaky Guile {rF+ rC+ Str+2 Fire}
 19438 | Lair:5   | Entered Level 5 of the Lair of Beasts
 19940 | Lair:5   | Noticed Kirke
 19946 | Lair:5   | Killed Kirke
 19986 | Lair:5   | Noticed Snorg
 19996 | Lair:5   | Killed Snorg
 19997 | Lair:5   | Reached skill level 19 in Ranged Weapons
 20113 | Lair:5   | Found a staircase to the Slime Pits.
 20357 | Lair:5   | Reached XP level 15. HP: 97/115 MP: 15/15
 20955 | Orc:1    | Entered Level 1 of the Orcish Mines
 21513 | Orc:2    | Entered Level 2 of the Orcish Mines
 21513 | Orc:2    | Found a staircase to the Elven Halls.
 21750 | Orc:2    | Reached skill level 10 in Dodging
 21767 | Orc:2    | Found Ikeajae's Armour Shop.
 21797 | Orc:2    | Bought the +1 cloak of Cowardice {rPois Str+3} for 378 gold
                  | pieces
 21844 | Orc:2    | Found Onoxkam's Antique Armour Boutique.
 21872 | Orc:2    | Bought a pair of glowing gloves for 217 gold pieces
 21954 | Orc:2    | Found Lavamata's Weapon Boutique.
 21986 | Orc:2    | Found Uwitua's Weapon Shop.
 22143 | Orc:2    | Found Diliamukka's Book Shop.
 22612 | D:12     | Found a large runed translucent door.
 22612 | D:12     | Found a large runed translucent door.
 23821 | D:14     | Identified the +1 scale mail of the Gardener {Str+6 Slay+3}
 24302 | D:14     | Noticed Azrael
 24309 | D:14     | Killed Azrael
 24424 | D:14     | Noticed Nessos
 24426 | D:14     | Killed Nessos
 24455 | D:14     | Found a gate to the Vaults.
 24739 | D:15     | Entered Level 15 of the Dungeon
 25211 | D:15     | Reached XP level 16. HP: 110/127 MP: 16/16
 25215 | D:15     | Reached skill level 20 in Ranged Weapons
 25425 | D:15     | Found a staircase to the Depths.
 25804 | Snake:1  | Entered Level 1 of the Snake Pit
 26053 | Snake:1  | Identified the serpent talisman "Edocorphip" {rC+}
 26053 | Snake:1  | Noticed Aizul
 26061 | Snake:1  | Killed Aizul
 26105 | Snake:1  | Found Isonk's Distillery.
 26116 | Snake:1  | Bought a potion of haste for 120 gold pieces
 26116 | Snake:1  | Bought 2 potions of haste for 240 gold pieces
 26532 | Snake:2  | Found a hide-covered altar of Uskayaw.
 26709 | Snake:2  | Reached skill level 1 in Spellcasting
 29007 | Snake:4  | Entered Level 4 of the Snake Pit
 29134 | Snake:4  | Bought the +0 ring mail of the Taurataur {Will+ Regen+
                  | Slay+3} for 613 gold pieces
 29510 | Snake:4  | Noticed Asterion
 29518 | Snake:4  | Killed Asterion
 29519 | Snake:4  | Gained mutation: You have a pair of large antennae on your
                  | head. (SInv) [demonic ancestry]
 29519 | Snake:4  | Reached XP level 17. HP: 137/139 MP: 21/21
 29742 | Snake:4  | Reached skill level 10 in Evocations
 29748 | Snake:4  | Reached skill level 5 in Armour
 29947 | Snake:4  | Noticed Vashnia
 29956 | Snake:4  | Killed Vashnia
 30099 | Snake:4  | Got a serpentine rune of Zot
 30517 | Swamp:1  | Entered Level 1 of the Swamp
 30765 | Swamp:1  | You are sucked into a shaft and drop 1 floor!
 30889 | Swamp:2  | Found a frozen archway.
 30899 | IceCv    | Entered an ice cave
 31484 | Swamp:1  | Reached skill level 15 in Fighting
 32125 | Swamp:2  | Reached XP level 18. HP: 149/149 MP: 22/22
 33390 | Swamp:4  | Entered Level 4 of the Swamp
 33558 | Swamp:4  | Found the +6 Majin-Bo {spellvamp, MP+6 Int+6}
 33613 | Swamp:4  | Upgraded the game from 0.31-a0-1206-g41278d8d1d to
                  | 0.31-a0-1225-g50297eb6a4
 34044 | Swamp:4  | Got a decaying rune of Zot
 34140 | Swamp:3  | Bought a scroll of teleportation for 51 gold pieces
 34144 | Swamp:3  | Bought a pair of runed gloves for 210 gold pieces
 34423 | Vaults:1 | Entered Level 1 of the Vaults
 36024 | Vaults:2 | Reached XP level 19. HP: 157/157 MP: 23/23
 36417 | Vaults:2 | Reached skill level 10 in Armour
 37153 | Vaults:3 | Reached skill level 21 in Ranged Weapons
 37339 | Vaults:3 | Noticed Donald
 37351 | Vaults:3 | Killed Donald
 37387 | Vaults:3 | Noticed Xtahua
 37395 | Vaults:3 | Paralysed by Xtahua for 5 turns
 37402 | Vaults:3 | Killed Xtahua
 38688 | Vaults:4 | Noticed Mennas
 38707 | Vaults:4 | Killed Mennas
 38820 | Vaults:4 | Noticed Frederick
 38829 | Vaults:4 | Killed Frederick
 38939 | Vaults:4 | Paralysed by a formless jellyfish for 1 turns
 38971 | Vaults:4 | Gained mutation: You are completely covered in thin
                  | metallic scales. (AC +4, rElec) [demonic ancestry]
 38971 | Vaults:4 | Reached XP level 20. HP: 168/168 MP: 24/24
 40061 | Depths:1 | Entered Level 1 of the Depths
 40119 | Depths:1 | Found a one-way gate leading to the halls of Pandemonium.
 40450 | Depths:1 | Found a gateway to Hell.
 40668 | Depths:1 | Found a radiant altar of Vehumet.
 40739 | Depths:1 | Found Gaumud's Antique Weapon Boutique.
 40745 | Depths:1 | Bought a bone arbalest for 304 gold pieces
 40745 | Depths:1 | Identified the +5 arbalest "No More Talking" {flame, ^Drain
                  | Will+ rCorr Dex+3} (You bought it in a shop on level 1 of
                  | the Depths)
 40818 | Depths:1 | Found Tawerr's Book Boutique.
 40821 | Depths:1 | Found Questront's Jewellery Emporium.
 40822 | Depths:1 | Found Cibamepn's Book Boutique.
 40830 | Depths:1 | Bought the ring "Guubru" {rPois rF++ AC+4 Stlth+} for 1485
                  | gold pieces
 41365 | Depths:2 | Found a one-way gate to the infinite horrors of the Abyss.
 41472 | Depths:2 | Reached skill level 22 in Ranged Weapons
 41844 | Depths:2 | Found Titon's Book Shoppe.
 41979 | Depths:2 | Reached skill level 1 in Translocations
 42107 | Depths:2 | Noticed a juggernaut
 42118 | Depths:2 | Killed a juggernaut
 42474 | Elf:1    | Entered Level 1 of the Elven Halls
 42493 | Elf:1    | Found a radiant altar of Vehumet.
 42514 | Elf:1    | Reached skill level 1 in Hexes
 42557 | Elf:1    | Found a crumbling gateway.
 42579 | Elf:1    | Reached XP level 21. HP: 132/178 MP: 27/27
 42607 | Desolati | Entered the Desolation of Salt
 42831 | Desolati | Identified the +7 lajatang "Aduij" {drain, rPois rF+ Dex+2}
 42919 | Desolati | Reached skill level 5 in Spellcasting
 43065 | Desolati | Identified the ring of Vuiczen {Fire Stlth+}
 43247 | Desolati | Identified the ring of Doicurro {rF+ Int+2 Dex+6}
 43362 | Desolati | Learned a level 4 spell: Dimensional Bullseye
 43372 | Desolati | Reached skill level 5 in Translocations
 43463 | Desolati | Identified the +3 steam dragon scales of the Apothecary
                  | {rC+}
 43479 | Desolati | Reached skill level 5 in Hexes
 43565 | Desolati | Identified the ring of Pantheism {rC+ Will+ Int+5}
 44368 | Elf:1    | Paralysed by an air elemental for 1 turns
 45009 | Elf:2    | Found Yduuh's Weapon Shop.
 45154 | Elf:2    | Found a runed translucent gate.
 45154 | Elf:2    | Found a runed translucent gate.
 45172 | Elf:2    | Found a runed translucent gate.
 45356 | Elf:3    | Entered Level 3 of the Elven Halls
 45371 | Elf:3    | Paralysed by an air elemental for 1 turns
 46100 | Elf:3    | Identified the +8 great sword of Jaosomm {holy, ^Contam
                  | rElec rPois Dex-2}
 46100 | Elf:3    | Identified the amulet of Dyrchoket {Spirit rF+ Int+2}
 46177 | Elf:3    | Identified the +1 robe of Pyetuim {rF++ rC++ Str+3}
 46285 | Elf:3    | Gained mutation: Your demonic aura often causes spilled
                  | blood to erupt in flames. [demonic ancestry]
 46285 | Elf:3    | Reached XP level 22. HP: 148/187 MP: 27/31
 46382 | Elf:3    | Identified the ring of Harmony {rF- Will+ Dex+7}
 46428 | Elf:3    | Got the Thoughts on Orientation and Combustion
 46432 | Elf:3    | Learned a level 2 spell: Blink
 46434 | Elf:3    | Identified the +9 war axe of Lupse {flame, Int+3}
 46443 | Elf:3    | Identified the +1 ring mail "Itauc" {Will+}
 46696 | Elf:3    | Identified the +1 dagger "Wekui" {freeze, Will+ rCorr
                  | Str+4}
 47462 | Depths:2 | Reached skill level 15 in Dodging
 47553 | Depths:2 | You are sucked into a shaft and drop 1 floor!
 47649 | Depths:2 | Noticed a golden dragon
 47662 | Depths:2 | Killed a golden dragon
 47869 | Depths:3 | Found a one-way gateway to a ziggurat.
 47870 | Depths:3 | Noticed a dread lich
 48394 | Depths:3 | Found a transporter.
 48397 | Depths:3 | Noticed Tulador's ghost (adept HOFi)
 48398 | Depths:3 | Noticed a caustic shrike
 48401 | Depths:3 | Noticed a caustic shrike
 48427 | Depths:3 | Found a transporter.
 48447 | Depths:3 | Found a transporter.
 48567 | Depths:3 | Found a sparkling altar of Nemelex Xobeh.
 48659 | Depths:3 | Found a transporter.
 48661 | Depths:3 | Found the +8 storm bow {elec, penet}
 48709 | Depths:3 | Found a portal to a secret trove of treasure.
 49261 | Depths:4 | Entered Level 4 of the Depths
 49299 | Depths:4 | Reached skill level 23 in Ranged Weapons
 49425 | Depths:4 | Found Xazoot's Tremendous Tomes.
 49488 | Depths:4 | Noticed a juggernaut
 49526 | Depths:4 | Noticed Parghit
 49531 | Depths:4 | Noticed a caustic shrike
 49536 | Depths:4 | Noticed a caustic shrike
 49537 | Depths:4 | Noticed a caustic shrike
 49539 | Depths:4 | Noticed a caustic shrike
 49686 | Depths:4 | Killed a juggernaut
 49793 | Depths:4 | Noticed a caustic shrike
 49801 | Depths:3 | Killed a caustic shrike
 49803 | Depths:3 | Killed a caustic shrike
 49804 | Depths:3 | Reached XP level 23. HP: 91/196 MP: 26/32
 50204 | Depths:2 | Voluntarily entered the Abyss.
 50344 | Abyss:1  | Paralysed by accursed screaming for 1 turns
 50588 | Depths:2 | Escaped the Abyss
 50844 | Vaults:5 | Entered Level 5 of the Vaults
 50961 | Vaults:5 | Reached skill level 10 in Hexes
 50983 | Vaults:5 | Reached skill level 24 in Ranged Weapons
 51514 | Vaults:5 | Noticed an ancient lich
 51522 | Vaults:5 | Killed an ancient lich
 51541 | Vaults:5 | Identified the ring of Godwen {^Contam rElec rPois Str+6}
 51812 | Vaults:5 | Reached skill level 15 in Evocations
 51942 | Vaults:5 | Got Goneext's Book of the Barrage and the Chill
 51943 | Vaults:5 | Identified the +0 scale mail of the Mackerel {rElec rF+
                  | Int+2 Dex-5}
 51945 | Vaults:5 | Identified the +0 robe of the Imp {rPois rCorr Archmagi}
 51948 | Vaults:5 | Identified the +0 ring mail of the Desert {Regen+}
 51962 | Vaults:5 | Identified the +0 pair of boots "Hobb" {rF- rC++ Regen+
                  | Str+3}
 52209 | Vaults:5 | Identified the +8 dagger of the Fool {drain, +Blink Dex+2}
 52281 | Vaults:5 | Noticed a dread lich
 52294 | Vaults:5 | Killed a dread lich
 52462 | Vaults:5 | Found Touzex's Distillery.
 52479 | Vaults:5 | Bought a potion of mutation for 128 gold pieces
 52479 | Vaults:5 | Bought a potion of resistance for 160 gold pieces
 52479 | Vaults:5 | Bought a potion of curing for 48 gold pieces
 52479 | Vaults:5 | Bought a potion of curing for 48 gold pieces
 52621 | Vaults:5 | Got a silver rune of Zot
 52828 | Vaults:5 | Gained mutation: Your presence sometimes corrodes or
                  | deforms those you injure. [demonic ancestry]
 52828 | Vaults:5 | Reached XP level 24. HP: 208/208 MP: 32/32
 53807 | Depths:4 | Found a gate to the Realm of Zot.
 53816 | Zot:1    | Entered Level 1 of the Realm of Zot
 54888 | Zot:1    | Reached skill level 25 in Ranged Weapons
 54998 | Zot:1    | Found a viscous altar of Jiyva.
 55841 | Zot:2    | Noticed an orb of fire
 56731 | Zot:3    | Identified the +1 dagger "Aleuggu" {freeze, rElec Str+4}
 57414 | Zot:4    | Gained mutation: Your demonic aura causes all spilled blood
                  | to erupt in flames. [demonic ancestry]
 57414 | Zot:4    | Reached XP level 25. HP: 197/217 MP: 28/32
 57965 | Zot:4    | Identified the +1 quarterstaff of the Toadstool {freeze,
                  | rF- Will+ SInv}
 58335 | Zot:5    | Entered Level 5 of the Realm of Zot
 58418 | Zot:4    | Noticed an orb of fire
 58846 | Zot:5    | Noticed an ancient lich
 58854 | Zot:5    | Noticed a Killer Klown
 58865 | Zot:5    | Noticed an orb of fire
 58869 | Zot:5    | Noticed a Killer Klown
 58870 | Zot:5    | Noticed an orb of fire
 58876 | Zot:5    | Killed a Killer Klown
 58876 | Zot:5    | Killed a Killer Klown
 58893 | Zot:5    | Killed an ancient lich
 58898 | Zot:5    | Noticed a Killer Klown
 58903 | Zot:5    | Killed a Killer Klown
 58965 | Zot:5    | Killed a Killer Klown
 59027 | Zot:5    | Noticed an orb of fire
 59132 | Zot:5    | Noticed an orb of fire
 59220 | Zot:5    | Got the Orb of Zot
 59497 | Depths:1 | Noticed Girif the pandemonium lord
 59776 | D:5      | Noticed Idifras the pandemonium lord
 59852 | D:3      | Noticed Anuseukh the pandemonium lord
 59976 | D:$      | Escaped with the Orb!

Illustrated notes

Levels and vault maps discovered:
D:1:      tarquinn_simple_flora_water_e, layout_basic, serial_shops, shop
D:2:      layout_rooms
D:3:      cheibrodos_greedy_goblins, layout_basic, minmay_misc_feat_tower,
          uniq_terence
D:4:      layout_basic, mainiacjoe_overflow_cross_hatched
D:5:      minmay_octagon_keep, layout_basic, gammafunk_ghost_smash,
          hangedman_decor_riveting, grunt_ministairs_1
D:6:      lemuel_castle_with_subvaults [lemuel_castle_interior_carwin_1],
          layout_basic, minmay_temple_entry_butterflies
D:7:      layout_basic, nicolae_elyvilon_temple_path, fedhas_altar_3,
          serial_co_window_serial, co_window_paths_a, co_window_corner_a,
          co_window_cross_1, co_window_paths_b, co_window_cross_1,
          co_window_corner_a, co_window_corner_a, co_window_paths_b,
          co_window_paths_a, co_window_2corner, co_window_unsneaky_path_e,
          co_window_corner_b, co_window_corner_cb, co_window_2corner,
          co_window_unsneaky_path_d, glass_columns_a, glass_columns_a,
          glass_columns_a, minmay_circle_x
D:8:      layout_gridville, mainiacjoe_overflow_surrounded_room, serial_shops,
          nicolae_shop_just_a_little_nook, uniq_joseph
D:9:      layout_loops_corners, yredelemnul_forgotten_temple_becter,
          lemuel_tele_altar, grunt_temple_overflow_diamond, serial_shops, shop
D:10:     layout_irregular_city, enter_bailey_3,
          hellmonk_guarded_unrand_cigotuvi
D:11:     layout_layer_cave, lair_entry_dummy, zombieorc1_lemuel, uniq_grum,
          uniq_sonja
D:12:     layout_long_grid, lightli_elemental_guards
D:13:     layout_roguey, minmay_splitting_lines, chequers_serial_rivers_small_3,
          minmay_misc_feat_iff
D:14:     layout_long_grid, david_vaults_4, hangedman_decor_growths,
          uniq_azrael, uniq_nessos
D:15:     hangedman_depths_entry_civil_slaughter, layout_basic,
          serial_corexii_hall, corexii_hall_statues_l, chequers_hall_statues_y,
          corexii_hall_statues_u, chequers_hall_statues_y, minmay_misc_feat_room
Temple:   nicolae_temple_god_jail
Lair:1:   layout_cave_pods, gauntlet_entry_generic, uniq_maggie,
          uniq_prince_ribbit2, uniq_amaemon
Lair:2:   layout_gridlike, dummy_snake_entry
Lair:3:   mu_elephants_graveyard, layout_long_grid,
          mainiacjoe_swamp_entry_angry_trees
Lair:4:   layout_roguey, special_room [special_room_bee], minmay_hedge_maze,
          chequers_serial_rivers_small_b, lemuel_fruit_tree
Lair:5:   wormcave, layout_regular_city, slime_entry_2,
          nicolae_quartered_pool_medium, uniq_kirke, uniq_snorg
Swamp:1:  layout_basic_swamp, evilmike_swamp_ruin_house_1, swamp_pool_1_2
Swamp:2:  nicolae_swamp_secret_spriggan_hideout, layout_basic_swamp,
          portal_ice_cave_entry_ice_statue_one, evilmike_swamp_ruin_house_5
Swamp:3:  layout_basic_swamp, serial_swamp_ruin, evilmike_swamp_ruin_house_3,
          evilmike_swamp_ruin_rubble_2, evilmike_swamp_ruin_house_2,
          swamp_pool_1_2
Swamp:4:  swamp, layout_basic_swamp
Snake:1:  layout_honeycomb, serial_shops, nicolae_shop_gibbet_a_chance,
          grunt_ministairs_2, uniq_aizul
Snake:2:  layout_chambers, basic_altar, serial_bayou_shore_b
Snake:3:  layout_rooms, serial_bayou_shore_a
Snake:4:  grunt_snake_rune_serpentine_throne, layout_misc_corridors,
          grunt_megastairs_5, uniq_asterion
Orc:1:    layout_diamond_mine, basic_altar
Orc:2:    st_orc_town, layout_caves, serial_shops, shop
Elf:1:    eino_elf_arrival_altar, layout_rooms,
          portal_desolation_entry_holy_temple, nicolae_elf_blasts_and_bolts
Elf:2:    nicolae_elf_blades_splatter_lattice [grunt_blade_entry_basic],
          layout_geoelf_octagon, serial_shops, shop_fountains
Elf:3:    minmay_elf_hall_spiked, layout_geoelf_grid, dreamdust_princess_bridge
Vaults:1: hangedman_vaults_restitches, nicolae_vaults_oval_intersection,
          ontoclasm_vaults_claustrophobia, nicolae_vaults_trapezoid_1,
          vaults_dpeg_doors, ontoclasm_vaults_decontamination,
          layout_vaults_quadrants
Vaults:2: nicolae_vaults_octothorpe, v_rooms_5, vaults_mumra_hex,
          nicolae_vaults_storage_closets_1, dpeg_vaults_monster_row,
          nicolae_vaults_tetromino_L_2, v_misc_25, vaults_room_large_hall,
          nicolae_vaults_storage_closets_2,
          nicolae_vaults_offset_grid_hallway_1, nicolae_vaults_tetromino_Z_2,
          ontoclasm_vaults_chip, layout_vaults_ring, uniq_margery
Vaults:3: nicolae_vaults_turnstiles, kb_rosetta, hangedman_vaults_stream,
          nicolae_vaults_network_s, minmay_crypt_entry_simple_round,
          nicolae_vaults_asterisk, nicolae_vaults_angled_halls, v_pattern_5,
          nicolae_vaults_stepped_doors, nicolae_vaults_what_the_h,
          ontoclasm_vaults_pinch, nicolae_vaults_apartment_1, vaults_dpeg_hooks,
          layout_vaults_omnibox, uniq_donald, uniq_xtahua
Vaults:4: nicolae_vaults_shelves_hall, nicolae_vaults_meiosis,
          vaults_standard_mumra_enter_the_diamond, hangedman_vaults_locks,
          vaults_standard_mumra_lines, hangedman_vaults_nails,
          nicolae_vaults_double_plus_2, layout_vaults_chaotic_city, uniq_mennas,
          uniq_frederick
Vaults:5
Depths:1: layout_gridlike, grunt_pan_entry_in_and_out, serial_shops, shop,
          hell_entry, chequers_jeans, nicolae_vehumet_altar_sigil,
          minmay_shop_grove, firewood_loft
Depths:2: evilmike_diamond_1, layout_cave_pools, pf_hell_entry_tar_spiral,
          abyss_entry, pan_entry, infiniplex_staircase_pillars_3a, serial_shops,
          nicolae_shop_behind_doors, serial_bayou_shore_b
Depths:3: gammafunk_its_a_trap, layout_cave_pools, enter_ziggurat_c,
          gammafunk_ghost_berserking_beasts, hell_entry,
          nemelex_lonely_heart_becter, abyss_entry_small_statue_room,
          nicolae_trove_entry_diagonal, grunt_tough_drop,
          minmay_staircase_windowed_small
Depths:4: evilmike_zot_entry_gauntlet, layout_gridlike, hangedman_coc_ice_floe,
          abyss_entry, minivault_16, minmay_statues_item,
          nicolae_shop_i_like_big_books, kennysheep_random_hallway, uniq_parghit
Zot:1:    layout_cathedral_of_symmetry, regret_index_zotdec_slimy_original
Zot:2:    layout_misc_corridors
Zot:3:    layout_basic
Zot:4:    layout_gridlike, lemuel_elevator
Zot:5:    layout_cathedral_of_symmetry

Skill      XL: |  1  2  3  4  5  6  7  8  9 10 11 12 13 14 15 16 17 18 19 20 21 22 23 24 25 |
---------------+----------------------------------------------------------------------------+-----
Polearms       | 3 4 5 6 |  6.4
Fighting       | 3 4 6 8 10 11 14 15 16 17 18 19 20 21 22 | 22.9
Ranged Weapons | 1 2 3 5 8 10 12 13 14 17 19 20 21 22 23 24 25 | 25.0
Dodging        | 3 4 6 9 11 12 14 15 16 18 | 18.2
Armour         | 3 4 8 9 11 12 | 12.3
Evocations     | 2 6 9 12 13 16 18 | 18.0
Spellcasting   | 2 4 6 |  6.0
Translocations | 3 8 9 |  9.2
Hexes          | 1 8 9 10 | 10.0
Axes           | |  0.8
Throwing       | |  1.7
Shields        | |  0.4

Action                     |  1- 3 |  4- 6 |  7- 9 | 10-12 | 13-15 | 16-18 | 19-21 | 22-24 | 25-27 || total
---------------------------+-------+-------+-------+-------+-------+-------+-------+-------+-------++-------
  Melee: Trident           |    76 |   136 |   315 |       |       |       |       |       |       ||   527
         Punch             |       |       |     3 |       |       |       |       |       |       ||     3
         Longbow           |       |       |       |       |       |       |     3 |       |       ||     3
   Fire: Orcbow            |       |       |   103 |       |       |       |       |       |       ||   103
         Longbow           |       |       |     8 |   561 |  1027 |  1198 |  1533 |  1437 |   231 ||  5995
  Throw: Throwing net      |       |       |     3 |       |       |       |       |       |       ||     3
   Cast: Dimensional Bulls |       |       |       |       |       |       |     2 |    36 |     2 ||    40
         Blink             |       |       |       |       |       |       |       |     6 |     2 ||     8
 Invoke: Call Merchant     |       |       |       |       |     1 |     3 |     1 |       |     1 ||     6
         Potion Petition   |       |       |       |       |       |     3 |     4 |     3 |     1 ||    11
         Bribe Branch      |       |       |       |       |       |       |       |     1 |     3 ||     4
  Evoke: Wand              |       |     4 |     3 |     2 |       |     2 |     6 |     4 |       ||    21
         Condenser vane    |       |       |       |       |       |     1 |     1 |     1 |       ||     3
         Box of beasts     |       |       |       |       |       |       |       |     2 |       ||     2
    Use: Scroll            |     5 |       |     1 |    11 |    10 |    11 |     5 |     9 |     3 ||    55
         Potion            |       |       |     1 |     3 |       |     3 |     7 |     2 |     2 ||    18
   Stab: Distracted        |       |       |     2 |       |       |       |       |       |       ||     2
         Invisible         |       |       |     1 |       |       |       |       |       |       ||     1
         Held in net/web   |       |       |     1 |       |       |       |       |       |       ||     1
 Armour: Leather armour    |     2 |       |       |    49 |    76 |    44 |       |       |       ||   171
         Ring mail         |    24 |    41 |   206 |   112 |       |   267 |   305 |   352 |    53 ||  1360
  Dodge: Dodged            |    25 |    46 |   144 |   117 |    97 |   339 |   298 |   318 |    64 ||  1448

Table legend: (Time is in decaauts)
 A = Elapsed time spent in this place.
 B = Non-inter-level travel time spent in this place.
 C = Inter-level travel time spent in this place.
 D = Time resting spent in this place.
 E = Time spent auto-exploring this place.
 F = Levels seen in this place.
 G = Mean time per level.
                   A        B        C        D        E       F      G
               +--------+--------+--------+--------+--------+-----+--------+
         Total |  58720 |  54274 |   4446 |   5759 |  21353 |  53 | 1107.9 |
       Dungeon |  18209 |  16753 |   1456 |   2911 |   8071 |  15 | 1213.9 |
        Temple |      3 |      3 |      0 |      0 |      0 |   1 |    3.0 |
          Lair |   5956 |   5417 |    539 |    360 |   2762 |   5 | 1191.2 |
         Swamp |   3037 |   2825 |    212 |    130 |   1103 |   4 |  759.2 |
     Snake Pit |   4544 |   4099 |    445 |    188 |   2352 |   4 | 1136.0 |
  Orcish Mines |   1663 |   1523 |    140 |      0 |    889 |   2 |  831.5 |
   Elven Halls |   2719 |   2464 |    255 |    182 |    847 |   3 |  906.3 |
        Vaults |   7623 |   7112 |    511 |    315 |   2396 |   5 | 1524.6 |
        Depths |   6166 |   5449 |    717 |    582 |   1191 |   4 | 1541.5 |
           Zot |   5411 |   5244 |    167 |    758 |   1367 |   5 | 1082.2 |
         Abyss |    367 |    367 |      0 |     89 |     10 |   1 |  367.0 |
        Bailey |    796 |    796 |      0 |     82 |    234 |   1 |  796.0 |
      Ice Cave |    494 |    494 |      0 |     28 |     23 |   1 |  494.0 |
    Desolation |   1174 |   1174 |      0 |      0 |    108 |   1 | 1174.0 |
      Gauntlet |    553 |    553 |      0 |    131 |      0 |   1 |  553.0 |
               +--------+--------+--------+--------+--------+-----+--------+

Top non-repeatable levels by time:
     D:6: 2342 daAuts
     D:5: 2109 daAuts
Vaults:5: 1993 daAuts
 Snake:2: 1851 daAuts
Depths:1: 1779 daAuts
Depths:2: 1776 daAuts
    D:11: 1672 daAuts
Vaults:3: 1644 daAuts
Vaults:4: 1476 daAuts
   Zot:1: 1414 daAuts
  Lair:3: 1393 daAuts
     D:7: 1381 daAuts
  Lair:5: 1380 daAuts
   Elf:3: 1361 daAuts
  Lair:1: 1353 daAuts
